 Dungeon Crawl Stone Soup version 0.19.4-8-ga85b6b9 (webtiles) character file.

343 Jerry the Chopper (level 6, -2/53 HPs)
             Began as a Hill Orc Gladiator on Feb 11, 2017.
             Killed from afar by luab's ghost (5 damage)
             ... with a magic dart
             ... on level 4 of the Dungeon.
             The game lasted 00:08:26 (4140 turns).

Jerry the Chopper (Hill Orc Gladiator)              Turns: 4140, Time: 00:08:26

Health: -2/53      AC: 10    Str: 19    XL:     6   Next: 57%
Magic:  6/6        EV: 11    Int:  9    God:
Gold:   116        SH:  0    Dex: 11    Spells: 0 memorised, 5 levels left

rFire  . . .     SeeInvis .     a - +0 war axe
rCold  . . .     Gourm    +     m - +2 ring mail {rPois}
rNeg   . . .     Faith    .     (no shield)
rPois  +         Spirit   .     n - +2 helmet
rElec  .         Reflect  .     (no cloak)
rCorr  .         Harm     .     (no gloves)
MR     .....                    (no boots)
Stlth  +.........               w - amulet of the gourmand
                                (no ring)
                                (no ring)

@: no status effects
A: no striking features
a: Convert to Beogh


You were on level 4 of the Dungeon.
You were not hungry.

You visited 1 branch of the dungeon, and saw 4 of its levels.

You collected 116 gold pieces.

Inventory:

Hand Weapons
 a - a +0 war axe (weapon)
Missiles
 d - 2 throwing nets (quivered)
Armour
 m - a +2 ring mail of poison resistance (worn)
 n - a +2 helmet (worn)
Jewellery
 w - an amulet of the gourmand (around neck)
Scrolls
 b - 2 scrolls of remove curse
 c - 2 scrolls of teleportation
 g - a scroll of noise {unknown}
 t - a scroll of identify
 x - a scroll of recharging
Potions
 e - a potion of resistance {unknown}
 h - a potion of might {unknown}
 i - a potion of berserk rage {unknown}
 k - a potion of cancellation {unknown}
 l - 2 potions of lignification {unknown}
 o - 3 potions of curing {unknown}
 q - a potion of flight {unknown}
 u - a potion of invisibility {unknown}
 v - 2 potions of heal wounds {unknown}
Comestibles
 f - 3 bread rations
 j - 2 meat rations
 p - 3 fruits
 r - a beef jerky
 s - a slice of pizza


   Skills:
 + Level 4.5 Fighting
 * Level 7.4 Axes
 - Level 1.7 Throwing
 + Level 2.9 Armour
 - Level 2.4 Dodging


You had 5 spell levels left.
You didn't know any spells.

Dungeon Overview and Level Annotations

Branches:
Dungeon (4/15)
 Temple: D:4-7

Altars:
Nemelex Xobeh
Ru
Vehumet

Shops:
D:4 :

Annotations:
D:3 1 runed door
D:4 luab's ghost, amateur DEWz


Message History

The crimson imp blinks!
You barely miss luab's ghost.
Luab's ghost is almost destroyed.
Luab's ghost hits you but does no damage.
The crimson imp blinks!
You miss luab's ghost.
Luab's ghost is almost destroyed.
Luab's ghost gestures wildly while chanting.
Luab's ghost hits you but does no damage.
You closely miss luab's ghost.
Luab's ghost is almost destroyed.
You barely miss the crimson imp. The crimson imp closely misses you.
Luab's ghost closely misses you.
A worm comes into view.
You barely miss luab's ghost.
Luab's ghost is almost destroyed.
You hit the crimson imp but do no damage.
Luab's ghost points at you and mumbles some strange words.
The magic dart hits you!
You die...

..........####..#.## #.###.)...
....#.....# #....######.........
.#####.#######............#......
...)............5.#######.#....8.
.......#########.## #.#).....
######.# #.# #.##._... #... #.#
#.##..... #.#.# #5# #.####...
#.#.# #@# #.# #.# #.# # #W# .#
#o# #. #o# ...######h###.#
.[.>....wo....# ...5.W....######
h..).............
...##############


You could see a worm, a howler monkey, an orc priest, luab's ghost, 2 crimson
imps and 2 orcs.

Vanquished Creatures
  An ogre (D:3)
  A centaur skeleton (D:4)
  Ijyb (D:3)
  A worker ant (D:4)
  Robin (D:3)
  6 adders
  An ooze (D:1)
  A worm (D:4)
  A dart slug (D:4)
  6 leopard geckos
  3 orcs
  10 bats
  4 giant cockroaches
  15 goblins
  9 hobgoblins
  4 jackals (D:2)
  2 ball pythons
  4 frilled lizards
  12 kobolds
  15 rats
98 creatures vanquished.

Notes
Turn   | Place    | Note
-------+----------+-------------------------------------------
     0 | D:1      | Jerry the Hill Orc Gladiator began the quest for the Orb.
     0 | D:1      | Reached XP level 1. HP: 18/18 MP: 1/1
   262 | D:1      | Reached skill level 1 in Armour
   262 | D:1      | Reached XP level 2. HP: 22/25 MP: 2/2
   909 | D:1      | Reached XP level 3. HP: 30/30 MP: 3/3
  1481 | D:2      | Reached skill level 5 in Axes
  1713 | D:2      | Reached XP level 4. HP: 38/38 MP: 4/4
  2359 | D:3      | Noticed Robin
  2372 | D:3      | Reached skill level 6 in Axes
  2388 | D:3      | Killed Robin
  2388 | D:3      | Reached XP level 5. HP: 28/45 MP: 5/5
  2528 | D:3      | Found a runed door.
  2689 | D:3      | Noticed an ogre
  2699 | D:3      | Killed an ogre
  2699 | D:3      | Reached XP level 6. HP: 16/52 MP: 6/6
  3142 | D:3      | Noticed Ijyb
  3165 | D:3      | Killed Ijyb
  3165 | D:3      | Reached skill level 7 in Axes
  3166 | D:3      | Found a sparkling altar of Nemelex Xobeh.
  3867 | D:4      | Found a radiant altar of Vehumet.
  3867 | D:4      | Found a sacrificial altar of Ru.
  4078 | D:4      | Found Yrghixor's Book Boutique.
  4091 | D:4      | Noticed luab's ghost (amateur DEWz)
  4134 | D:4      | HP: 2/53 [luab's ghost/magic dart (1)]
  4140 | D:4      | Killed from afar by luab's ghost

Skill      XL: |  1  2  3  4  5  6 |
---------------+-------------------+-----
Armour         | 1 2 |  2.9
Fighting       | 3 4 |  4.5
Axes           | 5 6 7 |  7.4
Throwing       | |  1.7
Dodging        | |  2.4

Action                   |  1- 3 |  4- 6 || total
-------------------------+-------+-------++-------
Melee: War axe           |    82 |   244 ||   326
Throw: Throwing net      |       |     2 ||     2
  Use: Scroll            |       |     8 ||     8
  Eat: Chunk             |     3 |    13 ||    16
Armor: Leather armour    |    23 |       ||    23
       Scale mail        |    12 |    78 ||    90
       Ring mail         |       |    39 ||    39
Dodge: Dodged            |    69 |   145 ||   214
